 Dungeon Crawl Stone Soup version 0.22.1-6-g1668fe2c40 (webtiles) character file.

4066 Cykl0x the Cleaver (level 10, -2/87 HPs)
             Began as a Deep Dwarf Fighter on Jan 27, 2019.
             Was a Believer of Makhleb.
             Impaled on a porcupine's spines (4 damage)
             ... on level 8 of the Dungeon.
             The game lasted 00:20:35 (6497 turns).

Cykl0x the Cleaver (Deep Dwarf Fighter)             Turns: 6497, Time: 00:20:36

Health: -2/87      AC:  9    Str: 23    XL:     10   Next: 5%
Magic:  12/12      EV: 12    Int: 12    God:    Makhleb [**....]
Gold:   439        SH:  5    Dex: 12    Spells: 9/9 levels left

rFire    . . .     SeeInvis .   a - +0 war axe
rCold    . . .     Gourm    .   q - +0 buckler (curse)
rNeg     . . .     Faith    .   b - +0 scale mail
rPois    .         Spirit   .   t - +1 helmet {Int+3}
rElec    .         Reflect  .   (no cloak)
rCorr    .         Harm     .   (no gloves)
MR       +....                  (no boots)
Stlth    ..........             (no amulet)
HPRegen  0.00/turn              (no ring)
MPRegen  0.13/turn              (no ring)

@: marked, non-regenerating
A: damage resistance, heal wounds, sense surroundings 2, no regeneration
a: Heal Wounds, Minor Destruction, Renounce Religion


You were on level 8 of the Dungeon.
You worshipped Makhleb.
Makhleb was pleased with you.
You were not hungry.

You visited 2 branches of the dungeon, and saw 9 of its levels.

You collected 439 gold pieces.

Inventory:

Hand Weapons
 a - a +0 war axe (weapon)
Missiles
 w - a tomahawk (quivered)
Armour
 b - a +0 scale mail (worn)
 c - a +1 shield
 q - a cursed +0 buckler (worn)
 t - a +1 helmet of intelligence (worn)
Wands
 r - a wand of enslavement (8)
 u - a wand of digging (8)
 v - a wand of disintegration (20)
 B - a wand of paralysis (17)
Scrolls
 e - 7 scrolls of teleportation
 h - 3 scrolls of amnesia
 l - a scroll of magic mapping
 p - 2 scrolls of blinking
 y - a scroll of identify
Potions
 d - 4 potions of might
 g - a potion of berserk rage
 i - 3 potions of curing
 j - 2 potions of agility
 k - 2 potions of lignification
 m - a potion of cancellation
 n - a potion of ambrosia
 o - 4 potions of heal wounds
 s - 3 potions of brilliance
 x - a potion of magic
 A - a potion of invisibility
 C - a potion of resistance
Comestibles
 f - 10 rations
 E - 3 chunks of flesh


   Skills:
 + Level 4.7 Fighting
 * Level 11.0 Axes
 + Level 5.8 Armour
 * Level 5.2 Dodging
 + Level 0.9 Stealth
 + Level 6.6 Shields
 * Level 5.9 Invocations


You had 9 spell levels left.
You didn't know any spells.
Your spell library was empty.

Dungeon Overview and Level Annotations

Branches:
Dungeon (8/15)             Temple (1/1) D:4
   Lair: D:8-11

Altars:
Ashenzari
Cheibriados
Dithmenos
Elyvilon
Fedhas
Gozag
Hepliaklqana
Kikubaaqudgha
Makhleb
Nemelex Xobeh
Okawaru
Qazlal
Ru
Sif Muna
Trog
Uskayaw
Vehumet
Wu Jian
Xom
Yredelemnul
Zin
The Shining One

Shops:
D:7 %


Innate Abilities, Weirdness & Mutations

You are resistant to damage.
You can heal yourself by infusing magical energy.
You passively map the area around you.
You do not regenerate.


Message History

You are struck by the porcupine's spines.
You hit the porcupine but do no damage.
The porcupine is moderately wounded.
The porcupine closely misses you.
You barely miss the porcupine.
The porcupine is moderately wounded.
You hit the porcupine but do no damage. The porcupine closely misses you.
The porcupine bites you!
* * * LOW HITPOINT WARNING * * *
You are struck by the porcupine's spines.
* * * LOW HITPOINT WARNING * * *
You barely miss the porcupine. The porcupine bites you!
* * * LOW HITPOINT WARNING * * *
The porcupine bites you but does no damage.
You are struck by the porcupine's spines.
* * * LOW HITPOINT WARNING * * *
You barely miss the porcupine.
The porcupine bites you but does no damage.
You are struck by the porcupine's spines.
You die...

, * #..(.. , ..#.#
#. * ,
#.##.#.#####.#.# ,
, #.#..........#.#
, , , *
#.#..#.......#.####
,
#.#..#.............
*
#.#..#..####.#.####
, *
#.#..........#(#
#.##.##.[#####.# ,
#.@rr....... #.#
#####†###..##.#.#
#......# .... #.# ,
#......# .....#.# *
#.......# .....# *
* * ...P.P.P.#
....# * P..P.PP...
, ,* * .......PP..
, ,..P.P......, ,*


You could see 2 porcupines.

Vanquished Creatures
  Harold (D:8)
  An unseen horror (D:7)
  A steam dragon (D:7)
  A water moccasin (D:7)
  A porcupine (D:8)
  A black bear (D:8)
  3 phantoms
  6 ogres
  3 centaurs
  Blork the orc (D:4)
  5 bullfrogs
  A killer bee (D:6)
  4 crimson imps
  5 howler monkeys
  2 hounds (D:7)
  A jelly (D:6)
  2 orc priests
  An iguana (D:7)
  Natasha (thrice) (D:4)
  2 orc wizards (D:5)
  6 worker ants
  A hound zombie (D:8)
  A worker ant zombie (D:8)
  Robin (D:4)
  10 adders
  7 shadow imps
  4 oozes
  2 adder skeletons
  4 worms
  12 dart slugs
  5 leopard geckos
  15 orcs
  9 bats
  5 giant cockroaches
  13 hobgoblins
  4 jackals (D:1)
  3 quokkas
  A ball python (D:2)
  A ball python skeleton (D:4)
  8 frilled lizards
  21 goblins
  9 kobolds
  4 rats
191 creatures vanquished.

Notes
Turn   | Place    | Note
-------+----------+-------------------------------------------
     0 | D:1      | Cykl0x the Deep Dwarf Fighter began the quest for the Orb.
     0 | D:1      | Reached XP level 1. HP: 20/20 MP: 1/1
    60 | D:1      | Reached XP level 2. HP: 21/27 MP: 2/2
   268 | D:1      | Reached XP level 3. HP: 22/34 MP: 3/3
   418 | D:1      | Reached skill level 1 in Dodging
   446 | D:1      | Reached skill level 3 in Axes
  1172 | D:2      | Reached XP level 4. HP: 40/42 MP: 3/3
  1927 | D:3      | Noticed a bullfrog
  1939 | D:3      | Killed a bullfrog
  1939 | D:3      | Reached skill level 4 in Axes
  1939 | D:3      | Reached XP level 5. HP: 30/49 MP: 4/4
  2233 | D:3      | Found an ornate altar of the Wu Jian Council.
  2755 | D:3      | Reached XP level 6. HP: 56/56 MP: 5/5
  2841 | D:4      | Found a glowing golden altar of the Shining One.
  2920 | D:4      | Reached skill level 5 in Axes
  2947 | D:4      | Noticed Blork the orc
  2952 | D:4      | Found a staircase to the Ecumenical Temple.
  2969 | D:4      | Killed Blork the orc
  2990 | D:4      | Noticed Natasha
  2999 | D:4      | Killed Natasha
  3014 | Temple   | Entered the Ecumenical Temple
  3056 | Temple   | Became a worshipper of Makhleb the Destroyer
  3275 | D:4      | Reached skill level 6 in Axes
  3275 | D:4      | Reached skill level 1 in Invocations
  3275 | D:4      | Reached XP level 7. HP: 28/62 MP: 6/6
  3313 | D:4      | Noticed Robin
  3332 | D:4      | Killed Robin
  3373 | D:4      | Noticed Natasha
  3382 | D:4      | Killed Natasha
  3576 | D:4      | Noticed Natasha
  3580 | D:4      | Killed Natasha
  3580 | D:4      | Reached skill level 5 in Shields
  3648 | D:4      | Found a hide-covered altar of Uskayaw.
  3648 | D:4      | Found a shattered altar of Ashenzari.
  3649 | D:4      | Found a snail-covered altar of Cheibriados.
  3907 | D:5      | Entered Level 5 of the Dungeon
  4097 | D:5      | Reached * piety under Makhleb
  4183 | D:5      | Reached skill level 7 in Axes
  4314 | D:5      | Reached XP level 8. HP: 67/69 MP: 8/8
  4382 | D:5      | Reached skill level 8 in Axes
  4872 | D:6      | Found an iron altar of Okawaru.
  4957 | D:6      | Reached ** piety under Makhleb
  4967 | D:6      | Reached skill level 9 in Axes
  5291 | D:6      | Found a sparkling altar of Nemelex Xobeh.
  5403 | D:6      | Found a glowing silver altar of Zin.
  5592 | D:7      | Found a white marble altar of Elyvilon.
  5602 | D:7      | Gained mutation: You passively map the area around you.
                  | [Deep Dwarf growth]
  5602 | D:7      | Reached XP level 9. HP: 61/78 MP: 10/10
  5633 | D:7      | Reached skill level 5 in Armour
  5765 | D:7      | Killed an unseen horror
  5765 | D:7      | Reached skill level 10 in Axes
  5816 | D:7      | Found a radiant altar of Vehumet.
  5920 | D:7      | Found Xerraus's Food Shop.
  5963 | D:7      | Reached skill level 5 in Invocations
  5983 | D:7      | Found a hazy altar of Hepliaklqana.
  5984 | D:7      | Found a shimmering altar of Xom.
  5985 | D:7      | Noticed a spectral ugly thing
  5998 | D:7      | Found an ancient bone altar of Kikubaaqudgha.
  6412 | D:8      | Noticed Harold
  6438 | D:8      | Killed Harold
  6438 | D:8      | Reached skill level 5 in Dodging
  6438 | D:8      | Reached XP level 10. HP: 36/87 MP: 12/12
  6484 | D:8      | Reached skill level 11 in Axes
  6496 | D:8      | HP: 2/87 [porcupine's spines (6)]
  6497 | D:8      | Impaled on a porcupine's spines

Skill      XL: |  1  2  3  4  5  6  7  8  9 10 |
---------------+-------------------------------+-----
Fighting       | 3 4 |  4.7
Dodging        | 1 2 3 4 5 |  5.2
Axes           | 3 4 6 7 9 10 11 | 11.0
Shields        | 4 5 6 |  6.6
Armour         | 4 5 |  5.8
Invocations    | 1 2 3 5 |  5.9
Stealth        | |  0.9

Action                   |  1- 3 |  4- 6 |  7- 9 | 10-12 || total
-------------------------+-------+-------+-------+-------++-------
Melee: War axe           |    99 |   206 |   332 |    11 ||   648
 Abil: Heal Wounds       |     1 |     2 |     7 |       ||    10
Evoke: Wand              |       |       |     1 |       ||     1
  Use: Scroll            |     5 |     9 |     7 |     2 ||    23
  Eat: Chunk             |     1 |     7 |    11 |       ||    19
Armor: Scale mail        |    70 |   104 |   124 |     3 ||   301
Dodge: Dodged            |    44 |    80 |   162 |     5 ||   291
Block: Shield            |    68 |   149 |   122 |       ||   339
       Buckler           |       |       |    41 |     1 ||    42
